 Dungeon Crawl Stone Soup version 0.28-a0-653-g7e9dba17c3 (webtiles) character file.

Game seed: 7327734057266262019

7 siradein the Ducker (level 1, 8/16 HPs)
             Began as a Demonspawn Gladiator on Oct 11, 2021.
             Quit the game on level 1 of the Dungeon.
             The game lasted 00:00:24 (264 turns).

siradein the Ducker (Demonspawn Gladiator)           Turns: 264, Time: 00:00:24

Health: 8/16       AC:  4    Str: 14    XL:     1   Next: 83%
Magic:  1/1        EV: 12    Int:  9    God:
Gold:   0          SH:  0    Dex: 14    Spells: 0/0 levels left

rFire   . . .      SeeInvis .   a - +0 quarterstaff
rCold   . . .      Faith    .   (shield currently unavailable)
rNeg    . . .      Spirit   .   b - +0 leather armour
rPois   .          Reflect  .   c - +0 helmet
rElec   .          Harm     .   (no cloak)
rCorr   .          Rampage  .   (no gloves)
Will    .....                   (no boots)
Stlth   +.........              (no amulet)
HPRegen 0.05/turn               (no ring)
MPRegen 0.07/turn               (no ring)

@: no status effects
A: no striking features
a: no special abilities


You were on level 1 of the Dungeon.
You visited 1 branch of the dungeon, and saw 1 of its levels.

Inventory:

Hand Weapons
 a - a +0 quarterstaff (weapon)
Missiles
 d - 3 throwing nets (quivered)
Armour
 b - a +0 leather armour (worn)
 c - a +0 helmet (worn)
Potions
 e - a potion of attraction {unknown}


   Skills:
 + Level 2.1 Fighting
 + Level 2.8 Staves
 + Level 1.9 Throwing
 + Level 2.8 Dodging


You couldn't memorise any spells.
You didn't know any spells.
Your spell library contained the following spells:

 Spells                   Type           Power      Damage    Failure   Level
 Call Canine Familiar     Summ           0%         N/A       83%         3
 Portal Projectile        Hex/Tloc       0%         N/A       83%         3
 Leda's Liquefaction      Hex/Erth       0%         N/A       99%         4


Dungeon Overview and Level Annotations

Branches:
Dungeon (1/15)

Altars:


Message History

The giant cockroach barely misses you.
You hit the giant cockroach.
You kill the giant cockroach!
No target in view!
No target in view!
You see here a giant cockroach corpse.
A hobgoblin comes into view.
A hobgoblin is nearby!
A hobgoblin is nearby!
A hobgoblin is nearby!
The hobgoblin shouts!
A kobold comes into view. It is wielding a +0 dagger.
You see here a scroll labelled ZICWA VUMM.
The kobold shouts!
The kobold hits you with a +0 dagger.
You hit the hobgoblin.
The hobgoblin is moderately wounded.
The hobgoblin closely misses you. The kobold misses you.
You barely miss the hobgoblin.
The hobgoblin is moderately wounded.
The hobgoblin closely misses you. The kobold hits you with a +0 dagger.
You closely miss the hobgoblin.
The hobgoblin is moderately wounded.
The hobgoblin closely misses you. The kobold hits you with a +0 dagger.
The hobgoblin barely misses you.
You barely miss the hobgoblin.
The hobgoblin is moderately wounded.
The kobold misses you. The hobgoblin hits you. The kobold barely misses you.
You thump the hobgoblin!
You kill the hobgoblin!
The kobold closely misses you.
You hit the kobold but do no damage. The kobold barely misses you.
You closely miss the kobold. The kobold hits you but does no damage.
You barely miss the kobold. The kobold hits you with a +0 dagger.
You are too injured to fight recklessly!
You are too injured to fight recklessly!
You are too injured to fight recklessly!
You are too injured to fight recklessly!
You are too injured to fight recklessly!
Are you sure you want to abandon this character and quit the game? (Confirm with "yes".)

.##.# #.....##
###.# #.....# #.#
#.....# #.#
###.....#########
###.#
#...............#
....#
#.###.##..#####.
##### #.
#.##.?#### #
#........#
####.@##.# #.K# #
#... ....# ####.#
.# #. #


You could see a kobold.

Vanquished Creatures
  3 giant cockroaches (D:1)
  A hobgoblin (D:1)
  A bat (D:1)
  A frilled lizard (D:1)
6 creatures vanquished.

Notes
Turn   | Place    | Note
-------+----------+-------------------------------------------
     0 | D:1      | siradein the Demonspawn Gladiator began the quest for the
                  | Orb.
     0 | D:1      | Reached XP level 1. HP: 16/16 MP: 1/1
   264 | D:1      | Quit the game

Illustrated notes

Levels and vault maps discovered:
D:1:      onia_arrival_mini_spirals, layout_loops_corners, minmay_tromino_v2

Action                   || total
-------------------------++-------
Melee: Quarterstaff      ||    23
Armor: Leather armour    ||     6
Dodge: Dodged            ||    25

Table legend: (Time is in decaauts)
 A = Elapsed time spent in this place.
 B = Non-inter-level travel time spent in this place.
 C = Inter-level travel time spent in this place.
 D = Time resting spent in this place.
 E = Time spent auto-exploring this place.
 F = Levels seen in this place.
 G = Mean time per level.
                   A        B        C        D        E       F      G
               +--------+--------+--------+--------+--------+-----+--------+
         Total |    267 |    267 |      0 |      0 |    212 |   1 |  267.0 |
       Dungeon |    267 |    267 |      0 |      0 |    212 |   1 |  267.0 |
               +--------+--------+--------+--------+--------+-----+--------+

Top non-repeatable levels by time:
     D:1: 267 daAuts
